 Dungeon Crawl Stone Soup version 0.29-a0-451-gfbfa42419e (webtiles) character file.

Game seed: 13952887835778211942

224 bande the Covered (level 6, 0/38 HPs)
             Began as a Gargoyle Fighter on May 19, 2022.
             Killed from afar by an orc wizard (8 damage)
             ... with a magic dart
             ... on level 3 of the Dungeon.
             The game lasted 00:03:40 (2610 turns).

bande the Covered (Gargoyle Fighter)                Turns: 2610, Time: 00:03:41

Health: 0/38       AC: 17    Str: 20    XL:     6   Next: 0%
Magic:  6/6        EV:  5    Int:  8    God:
Gold:   80         SH:  0    Dex: 11    Spells: 5/5 levels left

rFire   . . .      SeeInvis .   a - +0 war axe
rCold   + . .      Faith    .   c - +0 buckler
rNeg    + . .      Spirit   .   e - +0 plate armour
rPois   ∞          Reflect  .   (no helmet)
rElec   +          Harm     .   (no cloak)
rCorr   .          Rampage  .   (no gloves)
Will    .....                   p - +0 pair of boots
Stlth   ..........              (no amulet)
HPRegen 0.12/turn               s - ring of protection from cold
MPRegen 0.10/turn               (no ring)

@: confused
A: sickness immunity, AC +4, negative energy resistance 1, electricity
resistance, torment resistance 1, petrification resistance
a: no special abilities


You were on level 3 of the Dungeon.
You visited 1 branch of the dungeon, and saw 3 of its levels.

You collected 80 gold pieces.

Inventory:

Hand Weapons
 a - a +0 war axe (weapon)
 r - a +0 flail
Armour
 c - a +0 buckler (worn)
 e - a +0 plate armour (worn)
 p - a +0 pair of boots (worn)
Jewellery
 s - a ring of protection from cold (left hand)
Wands
 o - a wand of polymorph (4)
Scrolls
 b - 2 scrolls of amnesia {unknown}
 f - 2 scrolls of vulnerability {unknown}
 g - 2 scrolls of magic mapping {unknown}
 h - a scroll of enchant weapon {unknown}
 l - 2 scrolls of teleportation {unknown}
 m - a scroll of noise {unknown}
 n - 5 scrolls of identify {unknown}
 q - a scroll of enchant armour {unknown}
Potions
 d - 4 potions of might
 i - a potion of heal wounds {unknown}
 j - a potion of curing
 k - a potion of degeneration {unknown}


   Skills:
 + Level 3.9 Fighting
 + Level 3.9 Axes
 + Level 4.1 Armour
 + Level 3.9 Shields
 * Level 1.4 Evocations


You had 5 spell levels left.
You didn't know any spells.
Your spell library was empty.

Dungeon Overview and Level Annotations

Branches:
Dungeon (3/15)

Altars:

Shops:
D:1 ?


Innate Abilities, Weirdness & Mutations

You are immune to sickness and miasma.
Your stone body is resilient. (AC +4)
You are immune to poison.
You resist negative energy. (rN+)
You are resistant to electric shocks. (rElec)
You are resistant to unholy torment.
You are immune to petrification.


Message History

You closely miss something. Something hits you but does no damage.
You hit something but do no damage. Something hits you but does no damage.
You closely miss something.
Something hits you but does no damage. x2
You closely miss something.
You hear some strange, mumbled words.
A puff of flame appears from out of thin air!
The puff of flame hits you but does no damage.
You miss something. Something hits you but does no damage.
You hear some strange, mumbled words.
A magic dart appears from out of thin air!
The magic dart hits you but does no damage.
You closely miss something. Something hits you but does no damage.
You miss something. Something hits you but does no damage.
You barely miss something.
Something hits you but does no damage. x2
You completely miss something. You block something's attack.
You slash something! Something hits you but does no damage.
You miss something. Something hits you.
* * * LOW HITPOINT WARNING * * *
You hear some strange, mumbled words.
Something tries to affect you, but you resist.
You barely miss something. Something hits you but does no damage.
You miss something. Something hits you but does no damage.
You barely miss something. Something hits you but does no damage.
You hear some strange, mumbled words.
A magic dart appears from out of thin air!
The magic dart hits you.
* * * LOW HITPOINT WARNING * * *
You barely miss something.
An orc wizard appears from thin air!
Reactivating autopickup.
The orc wizard barely misses you.
You closely miss the orc wizard.
The orc wizard is almost dead.
You block the orc wizard's attack.
You closely miss the orc wizard.
The orc wizard is almost dead.
The orc wizard casts a spell at you.
You are confused.
The orc wizard gestures at you while chanting.
The magic dart hits you!
You die...

###
################<#
...............#..
##############.#.#
...........)##.#o#
###########.##.#o#
..(....^....##.#@#
##############.#.#
#.#.# #.#.# #.#.#
#.#.# #.#.# #
#.#.# # #.#.#


You could see an orc wizard and an orc.

Vanquished Creatures
  An orc priest (D:3)
  Jessica (D:3)
  Natasha (thrice) (D:2)
  4 adders
  A worm (D:2)
  4 orcs (D:3)
  6 ball pythons
  6 bats
  4 endoplasms
  3 giant cockroaches
  4 goblins
  4 hobgoblins
  7 kobolds
  2 frilled lizards (D:1)
  4 rats
54 creatures vanquished.

Vanquished Creatures (others)
  6 plants (D:3)
6 creatures vanquished.

Grand Total: 60 creatures vanquished

Notes
Turn   | Place    | Note
-------+----------+-------------------------------------------
     0 | D:1      | bande the Gargoyle Fighter began the quest for the Orb.
     0 | D:1      | Reached XP level 1. HP: 14/14 MP: 1/1
   133 | D:1      | Reached XP level 2. HP: 19/19 MP: 2/2
   202 | D:1      | Found Curphy Eramp's Magic Scroll Shop.
   359 | D:1      | Found a faded altar of an unknown god.
   636 | D:2      | Reached XP level 3. HP: 16/23 MP: 3/3
  1386 | D:2      | Noticed Natasha
  1393 | D:2      | Killed Natasha
  1394 | D:2      | Reached XP level 4. HP: 21/29 MP: 4/4
  1695 | D:2      | Noticed Natasha
  1708 | D:2      | Killed Natasha
  1740 | D:2      | Noticed Natasha
  1745 | D:2      | Killed Natasha
  1746 | D:2      | Reached skill level 4 in Armour
  1746 | D:2      | Reached skill level 1 in Evocations
  1746 | D:2      | Reached XP level 5. HP: 32/33 MP: 5/5
  2216 | D:3      | Noticed Jessica
  2221 | D:3      | Killed Jessica
  2546 | D:3      | Reached XP level 6. HP: 30/38 MP: 6/6
  2610 | D:3      | Killed from afar by an orc wizard

Illustrated notes

Levels and vault maps discovered:
D:1:      amcnicky_arrival_underground_garden, layout_basic, serial_shops,
          nicolae_shop_behind_doors, hellmonk_ecumenical_altar_zigzags
D:2:      layout_basic, uniq_natasha
D:3:      layout_basic, serial_bayou_ford_a, serial_bayou_crossing, uniq_jessica

Skill      XL: |  1  2  3  4 |
---------------+-------------+-----
Axes           | 2 3 |  3.9
Armour         | 4 |  4.1
Evocations     | 1 |  1.4
Fighting       | |  3.9
Shields        | |  3.9

Action                   |  1- 3 |  4- 6 || total
-------------------------+-------+-------++-------
Melee: War axe           |   114 |   131 ||   245
  Use: Potion            |       |     1 ||     1
Armor: Scale mail        |    22 |       ||    22
       Plate armour      |    94 |   125 ||   219
Dodge: Dodged            |    45 |    28 ||    73
Block: Buckler           |    35 |    23 ||    58

Table legend: (Time is in decaauts)
 A = Elapsed time spent in this place.
 B = Non-inter-level travel time spent in this place.
 C = Inter-level travel time spent in this place.
 D = Time resting spent in this place.
 E = Time spent auto-exploring this place.
 F = Levels seen in this place.
 G = Mean time per level.
                   A        B        C        D        E       F      G
               +--------+--------+--------+--------+--------+-----+--------+
         Total |   2723 |   2723 |      0 |    376 |   1598 |   3 |  907.7 |
       Dungeon |   2723 |   2723 |      0 |    376 |   1598 |   3 |  907.7 |
               +--------+--------+--------+--------+--------+-----+--------+

Top non-repeatable levels by time:
     D:2: 1181 daAuts
     D:3: 891 daAuts
     D:1: 649 daAuts
